cohdb
Replays
Latest Replays
All Replays
Popular Replays
Top Player Replays
Match Explorer
How It Works
Community
CoH3 Stats
Reddit
Sign in to upload your games and track your stats! →
Sign in with Steam
Match 38888440
Unlisted
Match 38888440
Overview
Messages
Build Orders
End
Construct Infanterie Kompanie
Kettenkrad Recon Vehicle
Selects Luftwaffe Battlegroup
MG 42 Machine Gun Team
MG 42 Machine Gun Team
GrW 34 Mortar Team
Kettenkrad Recon Vehicle
Infanterie Officer Quarters
Medical Station
Selects Luftwaffe Pioneer Support
Selects LG40 Recoilless Gun Paradrop
Fallschirmpioneer Squad Paradrop
Grenadier Squad
GrW 34 Mortar Team
Selects Stuka Strafing Run
Fallschirmpioneer Squad Paradrop
Grenadier Squad
Selects Fallschirmjäger Squad Paradrop
haiyoushi1347
XuZhongwei
0
0
Comments
sign in to comment!
No comments posted yet!